MWL (24 & UNDER)
LEE'S SUMMIT TIGERS @ COLUMBIA 08S
06/04/2023
 
TOP OF THE 1ST
Lee's Summit Tigers batting - Pitching for Columbia 08s : LHP Júlio Gracía
Pitching: LHP Júlio Gracía
Batting: RHB Norberto Taváres 0-0: Foul Ball, location: 2F
0-1: Ground out 5-3 (Groundball, 56)
Batting: RHB Fernando Díaz 0-0: Called Strike
0-1: Foul Ball, location: 2F
0-2: Foul Ball, location: 2F
0-2: Strikes out swinging
Batting: RHB Andrés Lara 0-0: Called Strike
0-1: Foul Ball, location: 2F
0-2: Strikes out swinging
Top of the 1st over - 0 run(s), 0 hit(s), 0 error(s), 0 left on base; Lee's Summit 0 - Columbia 0
BOTTOM OF THE 1ST
Columbia 08s batting - Pitching for Lee's Summit Tigers : RHP George Lockhart
Pitching: RHP George Lockhart
Batting: LHB Gino Canio 0-0: Ball
1-0: Ball
2-0: Ball
3-0: Base on Balls
Batting: RHB Vic Langlois 0-0: Called Strike
0-1: Foul Ball, location: 2F
0-2: Ball
1-2: Strikes out looking
Batting: RHB Ichizo Akiyama 0-0: Ball
1-0: Ball
2-0: Called Strike
2-1: Ball
3-1: Base on Balls
Gino Canio to second
Batting: LHB Colm Massey 0-0: Foul Ball, location: 2F
0-1: Swinging Strike
0-2: Strikes out swinging
Batting: RHB Alfredo Hernández 0-0: Fielders Choice at 2nd, U4 (Groundball, 4M)
Bottom of the 1st over - 0 run(s), 0 hit(s), 0 error(s), 2 left on base; Lee's Summit 0 - Columbia 0
TOP OF THE 2ND
Lee's Summit Tigers batting - Pitching for Columbia 08s : LHP Júlio Gracía
Batting: SHB Martín Medina 0-0: Ball
1-0: Ball
2-0: Called Strike
2-1: Foul Ball, location: 2F
2-2: Ground out 4-3 (Groundball, 4)
Batting: RHB Ed Watkins 0-0: Called Strike
0-1: Foul Ball, location: 2F
0-2: Ball
1-2: Fly out, F6 (Popup, 6MD)
Batting: RHB Alberto Chávez 0-0: Called Strike
0-1: SINGLE (Line Drive, 89S)
Batting: LHB Cipriano Cruz 0-0: Called Strike
0-1: Swinging Strike
0-2: Strikes out swinging
Top of the 2nd over - 0 run(s), 1 hit(s), 0 error(s), 1 left on base; Lee's Summit 0 - Columbia 0
BOTTOM OF THE 2ND
Columbia 08s batting - Pitching for Lee's Summit Tigers : RHP George Lockhart
Batting: RHB Luis Maldonado 0-0: Fly out, F8 (Flyball, 8LM)
Batting: SHB Roberto Rivera 0-0: Ball
1-0: Ball
2-0: Fly out, F8 (Flyball, 8LM)
Batting: RHB Armando Cuevas 0-0: Ground out 4-3 (Groundball, 4)
Bottom of the 2nd over - 0 run(s), 0 hit(s), 0 error(s), 0 left on base; Lee's Summit 0 - Columbia 0
TOP OF THE 3RD
Lee's Summit Tigers batting - Pitching for Columbia 08s : LHP Júlio Gracía
Batting: SHB Francisco Ávila 0-0: Ball
1-0: Bunt for hit - play at first, batter OUT! 2-3
Batting: RHB Doug Delaney 0-0: Ball
1-0: Foul Ball, location: 2F
1-1: Ball
2-1: Ball
3-1: Called Strike
3-2: Strikes out looking
Batting: RHB Norberto Taváres 0-0: Ball
1-0: Ball
2-0: Ground out 1-3 (Groundball, 15)
Top of the 3rd over - 0 run(s), 0 hit(s), 0 error(s), 0 left on base; Lee's Summit 0 - Columbia 0
BOTTOM OF THE 3RD
Columbia 08s batting - Pitching for Lee's Summit Tigers : RHP George Lockhart
Batting: LHB Brock Larsen 0-0: Called Strike
0-1: Ball
1-1: Ball
2-1: Ground out 4-3 (Groundball, 4)
Batting: LHB Gino Canio 0-0: Ground out 4-3 (Groundball, 4M)
Batting: RHB Vic Langlois 0-0: Called Strike
0-1: Ball
1-1: Ground out 5-3 (Groundball, 56S)
Bottom of the 3rd over - 0 run(s), 0 hit(s), 0 error(s), 0 left on base; Lee's Summit 0 - Columbia 0
TOP OF THE 4TH
Lee's Summit Tigers batting - Pitching for Columbia 08s : LHP Júlio Gracía
Batting: RHB Fernando Díaz 0-0: Foul Ball, location: 2F
0-1: Called Strike
0-2: Ball
1-2: Foul Ball, location: 2F
1-2: Ball
2-2: Foul Ball, location: 2F
2-2: Strikes out swinging
Batting: RHB Andrés Lara 0-0: Ball
1-0: Ground out 6-3 (Groundball, 56)
Batting: SHB Martín Medina 0-0: Called Strike
0-1: Foul Ball, location: 2F
0-2: DOUBLE (Line Drive, 9LS)
Batting: RHB Ed Watkins 0-0: Ball
1-0: Swinging Strike
1-1: SINGLE (Line Drive, 7LS)
Martín Medina to third
Runner from 3rd tries for Home, SAFE, no throw or cutoff
Batting: RHB Alberto Chávez 0-0: Ball
1-0: Ball
2-0: Ball
3-0: Base on Balls
Ed Watkins to second
Batting: LHB Cipriano Cruz 0-0: Ball
1-0: Foul Ball, location: 2F
1-1: Ground out 1-3 (Groundball, 15S)
Top of the 4th over - 1 run(s), 2 hit(s), 0 error(s), 2 left on base; Lee's Summit 1 - Columbia 0
BOTTOM OF THE 4TH
Columbia 08s batting - Pitching for Lee's Summit Tigers : RHP George Lockhart
Batting: RHB Ichizo Akiyama 0-0: Called Strike
0-1: Foul Ball, location: 2F
0-2: Strikes out swinging
Batting: LHB Colm Massey 0-0: Swinging Strike
0-1: Swinging Strike
0-2: Ball
1-2: Strikes out swinging
Batting: RHB Alfredo Hernández 0-0: Ball
1-0: Called Strike
1-1: Swinging Strike
1-2: Ball
2-2: Ground out 4-3 (Groundball, 4M)
Bottom of the 4th over - 0 run(s), 0 hit(s), 0 error(s), 0 left on base; Lee's Summit 1 - Columbia 0
TOP OF THE 5TH
Lee's Summit Tigers batting - Pitching for Columbia 08s : LHP Júlio Gracía
Batting: SHB Francisco Ávila 0-0: Ball
1-0: Foul Ball, location: 2F
1-1: Ball
2-1: Foul Ball, location: 2F
2-2: Strikes out swinging
Batting: RHB Doug Delaney 0-0: Ball
1-0: Ball
2-0: Swinging Strike
2-1: Ball
3-1: Base on Balls
Batting: RHB Norberto Taváres 0-0: Ball
Throwing error on steal attempt, E2
Doug Delaney to third
1-0: Called Strike
1-1: Ball
2-1: Foul Ball, location: 2F
2-2: Ball
3-2: Foul Ball, location: 2F
3-2: Ground out 4-3 (Groundball, 4M)
Doug Delaney scores
Batting: RHB Fernando Díaz 0-0: Ball
1-0: SINGLE (Line Drive, 6MD)
Batting: RHB Andrés Lara 0-0: Called Strike
Fernando Díaz steals 2nd base
0-1: Ball
1-1: Ball
2-1: DOUBLE (Groundball, 5L)
Fernando Díaz scores
Batting: SHB Martín Medina 0-0: Ball
1-0: Ball
2-0: SINGLE (Line Drive, 34D)
Andrés Lara to third
Runner from 3rd tries for Home, throw and OUT!
Top of the 5th over - 2 run(s), 3 hit(s), 1 error(s), 1 left on base; Lee's Summit 3 - Columbia 0
BOTTOM OF THE 5TH
Columbia 08s batting - Pitching for Lee's Summit Tigers : RHP George Lockhart
Batting: RHB Luis Maldonado 0-0: Ball
1-0: Called Strike
1-1: Foul Ball, location: 2F
1-2: Strikes out swinging
Batting: SHB Roberto Rivera 0-0: Ball
1-0: Ball
2-0: Fly out, F9 (Flyball, 9LM)
Batting: RHB Armando Cuevas 0-0: Ball
1-0: Ball
2-0: SINGLE (Groundball, 56D)
Batting: LHB Brock Larsen 0-0: Ball
1-0: Foul Ball, location: 2F
1-1: Ball
2-1: Ball
3-1: Ground out 1-3 (Groundball, 15S)
Bottom of the 5th over - 0 run(s), 1 hit(s), 0 error(s), 1 left on base; Lee's Summit 3 - Columbia 0
TOP OF THE 6TH
Lee's Summit Tigers batting - Pitching for Columbia 08s : LHP Júlio Gracía
Batting: RHB Ed Watkins 0-0: Ball
1-0: Ball
2-0: SINGLE (Groundball, 4MD)
Pitching: RHP Carlos Trujillo
Batting: RHB Alberto Chávez Pickoff Throw to First - Error! E1
Ed Watkins to second
0-0: Foul Ball, location: 2F
0-1: Ball
1-1: Called Strike
1-2: Ball
2-2: Strikes out swinging
Batting: LHB Cipriano Cruz 0-0: Ball
1-0: Ball
2-0: Ball
3-0: Called Strike
3-1: Base on Balls
Batting: SHB Francisco Ávila 0-0: Called Strike
0-1: Swinging Strike
0-2: Foul Ball, location: 2F
0-2: Ball
1-2: Foul Ball, location: 2F
1-2: Strikes out swinging
Batting: RHB Doug Delaney 0-0: Called Strike
0-1: Called Strike
0-2: Ball
1-2: Ball
2-2: Strikes out swinging
Top of the 6th over - 0 run(s), 1 hit(s), 1 error(s), 2 left on base; Lee's Summit 3 - Columbia 0
BOTTOM OF THE 6TH
Columbia 08s batting - Pitching for Lee's Summit Tigers : RHP George Lockhart
Batting: LHB Gino Canio 0-0: Foul Ball, location: 2F
0-1: Foul Ball, location: 2F
0-2: Ball
1-2: Ball
2-2: Strikes out swinging
Batting: RHB Vic Langlois 0-0: Called Strike
0-1: Foul Ball, location: 2F
0-2: Foul Ball, location: 2F
0-2: Strikes out swinging
Batting: RHB Ichizo Akiyama 0-0: Ball
1-0: Ball
2-0: SINGLE (Line Drive, 7S)
Batting: LHB Colm Massey 0-0: Called Strike
0-1: Fly out, F7 (Line Drive, 7D)
Bottom of the 6th over - 0 run(s), 1 hit(s), 0 error(s), 1 left on base; Lee's Summit 3 - Columbia 0
TOP OF THE 7TH
Lee's Summit Tigers batting - Pitching for Columbia 08s : RHP Carlos Trujillo
Batting: RHB Norberto Taváres 0-0: Called Strike
0-1: Called Strike
0-2: Ball
1-2: Ball
2-2: Strikes out swinging
Batting: RHB Fernando Díaz 0-0: Called Strike
0-1: Ball
1-1: Ball
2-1: Foul Ball, location: 2F
2-2: Ground out 6-3 (Groundball, 6M)
Batting: RHB Andrés Lara 0-0: Called Strike
0-1: Called Strike
0-2: Ball
1-2: Ball
2-2: Ball
3-2: Strikes out looking
Top of the 7th over - 0 run(s), 0 hit(s), 0 error(s), 0 left on base; Lee's Summit 3 - Columbia 0
BOTTOM OF THE 7TH
Columbia 08s batting - Pitching for Lee's Summit Tigers : RHP George Lockhart
Batting: RHB Alfredo Hernández 0-0: Swinging Strike
0-1: Foul Ball, location: 2F
0-2: Strikes out swinging
Batting: RHB Luis Maldonado 0-0: Swinging Strike
0-1: Called Strike
0-2: Strikes out swinging
Batting: SHB Roberto Rivera 0-0: Ball
1-0: Swinging Strike
1-1: Ball
2-1: Ground out 1-3 (Groundball, 15)
Bottom of the 7th over - 0 run(s), 0 hit(s), 0 error(s), 0 left on base; Lee's Summit 3 - Columbia 0
TOP OF THE 8TH
Lee's Summit Tigers batting - Pitching for Columbia 08s : RHP Carlos Trujillo
Pitching: LHP Héctor Díaz
Batting: SHB Martín Medina 0-0: Called Strike
0-1: Foul Ball, location: 2F
0-2: Ball
1-2: Strikes out swinging
Batting: RHB Ed Watkins 0-0: Foul Ball, location: 2F
0-1: Ball
1-1: Foul Ball, location: 2F
1-2: Strikes out looking
Batting: RHB Alberto Chávez 0-0: Ball
1-0: Called Strike
1-1: Ball
2-1: Swinging Strike
2-2: Foul Ball, location: 2F
2-2: Ball
3-2: Base on Balls
Batting: LHB Cipriano Cruz 0-0: Foul Ball, location: 2F
0-1: Ball
1-1: Ball
2-1: Called Strike
2-2: Strikes out looking
Top of the 8th over - 0 run(s), 0 hit(s), 0 error(s), 1 left on base; Lee's Summit 3 - Columbia 0
BOTTOM OF THE 8TH
Columbia 08s batting - Pitching for Lee's Summit Tigers : RHP George Lockhart
Now at 3B: António Gonzáles
Now in CF: Pedro Ramírez
Batting: RHB Armando Cuevas 0-0: Called Strike
0-1: Ground out 5-3 (Groundball, 5L)
Batting: LHB Brock Larsen 0-0: Ball
1-0: Called Strike
1-1: Fly out, F7 (Flyball, 78D)
Batting: LHB Gino Canio 0-0: Ball
1-0: Ball
2-0: Called Strike
2-1: Ground out 3-1 (Groundball, 34)
Bottom of the 8th over - 0 run(s), 0 hit(s), 0 error(s), 0 left on base; Lee's Summit 3 - Columbia 0
TOP OF THE 9TH
Lee's Summit Tigers batting - Pitching for Columbia 08s : LHP Héctor Díaz
Batting: SHB Francisco Ávila 0-0: Called Strike
0-1: SINGLE (Flyball, 9M)
Batting: RHB Doug Delaney 0-0: Ball
1-0: Called Strike
Francisco Ávila steals 2nd base
1-1: Sac Bunt - play at first, batter OUT! 3-4
Francisco Ávila to third
Batting: RHB Norberto Taváres 0-0: Intentional Walk
Batting: RHB Fernando Díaz 0-0: Ball
1-0: Called Strike
1-1: Grounds into double play, 6-4-3 (Groundball, 6)
Top of the 9th over - 0 run(s), 1 hit(s), 0 error(s), 1 left on base; Lee's Summit 3 - Columbia 0
BOTTOM OF THE 9TH
Columbia 08s batting - Pitching for Lee's Summit Tigers : RHP George Lockhart
Pitching: RHP Craig Adams
Batting: RHB Vic Langlois 0-0: Ball
1-0: Called Strike
1-1: Foul Ball, location: 2F
1-2: Ball
2-2: Foul Ball, location: 2F
2-2: Reached on Error, E7 (Line Drive, 78S)
Batting: RHB Ichizo Akiyama 0-0: Ball
1-0: Foul Ball, location: 2F
1-1: SINGLE (Groundball, 56D)
Vic Langlois to second
Pinch Hitting: RHB Barton Frazier 0-0: Fly out, F9 (Flyball, 9S)
Batting: RHB Alfredo Hernández 0-0: Ball
1-0: Swinging Strike
1-1: Ball
2-1: Foul Ball, location: 2F
2-2: Ball
3-2: Base on Balls
Vic Langlois to third
Ichizo Akiyama to second
Batting: RHB Luis Maldonado 0-0: Called Strike
0-1: Called Strike
0-2: Ball
1-2: Strikes out swinging
Batting: SHB Roberto Rivera 0-0: Called Strike
0-1: Ground out 4-3 (Groundball, 34)
Bottom of the 9th over - 0 run(s), 1 hit(s), 1 error(s), 3 left on base; Lee's Summit 3 - Columbia 0
This league is powered by Out of the Park Baseball, the baseball management simulation game for PC, Mac and Linux
Wednesday, December 2nd, 2015 - OOTP Baseball 16.8 Build 38